noty, chaotic female elven Wizard ------- |.....| |<....-####### |.....| ------- |.....| ------------- |.....| |.....-####### |`.... ...`- |.....|# -.-.--- # |.... ....| |.....|# # # ### |...- -.... |.....|# ### # # |...| |..B| ----.--# # # ### |..`| |`@.| # # ### # # |...| |.... #### # # ##-...-----...| ## # ### |.....`.b...+ ####### |`.........*| #-.--+----------- ------------- #...^...........| |.............%-##### ---------------- noty the Conjurer Experience level: 5 Strength: 9 Dexterity: 18 Constitution: 10 Intelligence: 20 Wisdom: 8 Charisma: 12 Health: 0(41) Energy: 4(47) Def: 4 Gold: 97 Moves: 2077 Dungeon seed: eyQecqArBLQMJGI6 Game ID: noty_1465831238 Your Inventory: Coins $ - 97 gold pieces Weapons a - a blessed +1 quarterstaff w - a +0 elven dagger (weapon in hand) Armor e - a blessed +0 cloak of magic resistance (being worn) n - an uncursed +0 studded leather armor (being worn) q - a blessed +1 pair of water walking boots Comestibles v - 2 uncursed eggs H - an uncursed tripe ration Scrolls I - an uncursed scroll of taming Rings J - an uncursed ring of invisibility L - a cursed -1 ring of increase accuracy Wands b - a wand of lightning (0:7) Tools m - an uncursed tooled horn B - an uncursed skeleton key D - a fire horn (0:7) F - an uncursed bag of holding Gems r - an uncursed luckstone y - an uncursed agate stone Contents of the bag of holding: an uncursed scroll of enchant armor an uncursed scroll of enchant weapon an uncursed scroll of fire a blessed scroll of scare monster an uncursed scroll of teleportation an uncursed spellbook of cure sickness a blessed spellbook of force bolt an uncursed spellbook of sleep 2 uncursed potions of booze an uncursed potion of extra healing an uncursed potion of paralysis an uncursed potion of sickness an uncursed ring of conflict an uncursed ring of sustain ability an uncursed ring of warning a horn of plenty (0:10) an uncursed worthless piece of yellow glass Spells and supernatural/magical abilities: Name Level Category Fail Memory a - force bolt 1 attack 0% 90% z - sleep 1 enchantment 0% 90% W - pray for help -- divine ? -- Your skills at the end: Fighting Skills Weapon Skills quarterstaff [Basic] Spellcasting Skills attack spells [Basic] enchantment spells [Basic] Final Attributes: You were piously aligned. You were sleep resistant. You were magic-protected. You were telepathic. You had infravision. You were lucky. You had extra luck. Bad luck did not time out for you. Good luck did not time out for you. You are dead. Vanquished creatures: 2 small mimics a black naga hatchling a floating eye a kitten 2 hill orcs a werejackal a gas spore a hobbit a giant rat a brown mold a jackal a fox a kobold 8 sewer rats 5 grid bugs 2 lichens a kobold zombie 4 newts 35 creatures vanquished. Voluntary challenges: You were an atheist. You used a wielded weapon 27 times, starting on turn 20. You were illiterate. You never genocided any monsters. You never polymorphed an object. You never changed form. You used no wishes. You never split a pudding. You never wrote Elbereth's name. You never violated your personal moral code. Dungeon overview: The Dungeons of Doom: levels 1 to 5 Level 1 a long staircase Level 2 a weapon shop, some fountains Level 3 a hardware shop, some fountains Level 4 a potion shop, a fountain stairs to The Gnomish Mines Level 5 <- You were here The Gnomish Mines: Level 5 stairs to The Dungeons of Doom History has recorded: On T:1 you entered the Dungeons of Doom to retrieve the Amulet of Yendor! On T:190 you reached level 2 of The Dungeons of Doom. On T:357 you reached level 3 of The Dungeons of Doom. On T:877 you reached level 4 of The Dungeons of Doom. On T:878 you advanced to experience level 2. On T:1235 you advanced to experience level 3. On T:1245 you advanced to experience level 4. On T:1374 you reached level 5 of The Dungeons of Doom. On T:1449 you reached level 1 of The Gnomish Mines. On T:1998 you advanced to experience level 5. Score breakdown: Gold: 97 ( 6773 points) Experience: 5 levels (11141 points) Exploration: 5 levels ( 10.42%) ( 8751 points) Discoveries: 9 items ( 3.25%) ( 5407 points) Valuables value: (no points given unless you survive) Artifact value: 0 ( 0 points) Variety of kills: 18 monsters ( 4.72%) ( 6520 points) Turncount: 2077 turns ( -56 points) Survival: died (score multiplied by 80%) Total score: 30828 Latest messages: The spell misses the sewer rat. The sewer rat bites! (2x) The spell hits the sewer rat! You kill the sewer rat! The acid blob oozes under the door. You see here a brown mold corpse. This brown mold corpse tastes terrible! You finish eating the brown mold corpse. You see here a statue of a plains centaur. You see here 25 rocks. You are beginning to feel hungry. My, that was a yummy slime mold! You finish eating the slime mold. The giant bat bites! (6x) You hit the giant bat. The giant bat bites! (4x) You die... Final status: Goodbye noty the Wizard, killed by a giant bat... You died in The Dungeons of Doom on dungeon level 5 with 30828 points, and 97 pieces of gold, after 2077 moves. You were level 5 with a maximum of 41 hit points when you died.